cohdb
Replays
Latest Replays
All Replays
Popular Replays
Top Player Replays
Match Explorer
How It Works
Community
CoH3 Stats
Reddit
Sign in to upload your games and track your stats! →
Sign in with Steam
Match 45506221
Unlisted
Match 45506221
Overview
Messages
Build Orders
End
Vickers Machine Gun Team
Construct Section Command Post
Infantry Section
ML 3-inch Mortar Team
Infantry Section
Construct Platoon Command Post
6-pounder Anti-tank Gun Team
Construct Field Infirmary
Humber Armored Car
Royal Engineer Section
[WLF] WhiteWolf
Pat216
IronCross
Otto Karius
0
0
Comments
sign in to comment!
No comments posted yet!